 Dungeon Crawl Stone Soup version 0.29-a0-1065-g47a6bb87d6 (webtiles) character file.

Game seed: 5091351170087836598

58 Zeldest the Trooper (level 3, -6/28 HPs)
             Began as a Demonspawn Wanderer on Aug 18, 2022.
             Mangled by Sigmund
             ... wielding a +0 scythe
              (8 damage)
             ... on level 2 of the Dungeon.
             The game lasted 00:01:33 (1548 turns).

Zeldest the Trooper (Demonspawn Wanderer)           Turns: 1548, Time: 00:01:33

Health: -6/28      AC:  3    Str: 15    XL:     3   Next: 75%
Magic:  6/6        EV: 10    Int:  9    God:
Gold:   92         SH:  4    Dex: 15    Spells: 5/6 levels left

rFire   . . .      SeeInvis .   n - +2 dagger (drain)
rCold   . . .      Faith    .   b - +0 buckler
rNeg    . . .      Spirit   .   d - +0 leather armour
rPois   .          Reflect  .   (no helmet)
rElec   .          Harm     .   (no cloak)
rCorr   .          Rampage  .   (no gloves)
Will    .....                   (no boots)
Stlth   +.........              (no amulet)
HPRegen 0.09/turn               (no ring)
MPRegen 0.10/turn               (no ring)

@: invisible
A: hooves 1
a: no special abilities


You were on level 2 of the Dungeon.
You visited 1 branch of the dungeon, and saw 2 of its levels.

You collected 92 gold pieces.

Inventory:

Hand Weapons
 n - a +2 dagger of draining (weapon)
Armour
 b - a +0 buckler (worn)
 d - a +0 leather armour (worn)
Jewellery
 j - a +6 ring of intelligence
Scrolls
 c - a scroll of blinking
 e - a scroll of enchant weapon {unknown}
 f - a scroll of teleportation {unknown}
 h - a scroll of magic mapping {unknown}
 i - a scroll of enchant armour {unknown}
 k - a scroll of amnesia {unknown}
 l - 2 scrolls of identify {unknown}
 m - a scroll of torment {unknown}


   Skills:
 + Level 2.9 Fighting
 - Level 1.7 Short Blades
 * Level 1.4 Axes
 + Level 1.6 Armour
 - Level 1.0 Stealth
 - Level 1.0 Shields
 - Level 2.0 Spellcasting
 - Level 2.1 Necromancy


You had 5 spell levels left.
You knew the following spells:

 Your Spells              Type           Power      Damage    Failure   Level
a - Necrotise             Necr           16%        1d4       22%         1

Your spell library contained the following spells:

 Spells                   Type           Power      Damage    Failure   Level
 Sandblast                Erth           0%         2d4       50%         1
 Vampiric Draining        Necr           4%         2d6       56%         3
 Passwall                 Tmut/Erth      0%         N/A       63%         2
 Stone Arrow              Conj/Erth      0%         3d7       86%         3


Dungeon Overview and Level Annotations

Branches:
Dungeon (2/15)

Altars:

Annotations:
D:2 Sigmund


Innate Abilities, Weirdness & Mutations

You have large cloven feet.


Message History

You kill the goblin!
Sigmund the Dreaded comes into view.
He is wielding a +0 scythe.
Found a scroll labelled QUCHAI RIUTWISM.
Sigmund shouts!
Sigmund is nearby!
Sigmund is nearby!
Sigmund casts a spell at you.
You are confused.
It was a potion of invisibility.
You fade into invisibility!
Sigmund closely misses you.
You are too confused!
It was a potion of heal wounds.
You feel much better.
Sigmund points at you and mumbles some strange words.
The puff of flame misses you.
You closely miss Sigmund. Your kick misses Sigmund.
Sigmund hits you with a +0 scythe!
You're too confused to move!
You feel less confused.
Sigmund points at something and mumbles some strange words.
You hit Sigmund.
Sigmund is lightly wounded.
Sigmund hits you with a +0 scythe!
You closely miss Sigmund. You kick Sigmund.
Sigmund is moderately wounded.
Sigmund misses you.
You strike the helpless Sigmund from behind!
You puncture Sigmund! You drain Sigmund.
Sigmund is heavily wounded.
You hit Sigmund. Your kick misses Sigmund.
Sigmund is severely wounded.
Sigmund drinks a potion.
Sigmund is healed!
You barely miss Sigmund.
Sigmund is moderately wounded.
Sigmund hits you with a +0 scythe!
* * * LOW HITPOINT WARNING * * *
You hit Sigmund. You kick Sigmund, but do no damage.
Sigmund is heavily wounded.
Sigmund hits you with a +0 scythe!
You die...

###..............
#)#.#.#.#.#.#.#.#.#.#
#................... #
#.#.#.#.#.#.#.#.#.#.#..#
.................?.....#
.#.#.#.#.#.#)#.#.#.#.#.#
#.....................
#.#.#.#.#.#.#.#@#.#.#.#
##..............@....#
#.#.#.#.#.#.#.#.#.#.#
.............=......#
###.#.#.#.#.#.#.#.#.#
##$..............##
#.#.#.#.#.#.#.#.#
.............##
#.#.#.#.#.# ..


You could see Sigmund (unable to see you, very drained).

Vanquished Creatures
  An adder (D:2)
  2 dart slugs
  4 endoplasms
  2 giant cockroaches
  3 goblins
  6 hobgoblins
  3 jackals (D:1)
  7 kobolds
  A ball python (D:2)
  5 bats
  2 frilled lizards
  5 rats (D:1)
41 creatures vanquished.

Notes
Turn   | Place    | Note
-------+----------+-------------------------------------------
     0 | D:1      | Zeldest the Demonspawn Wanderer began the quest for the
                  | Orb.
     0 | D:1      | Zeldest set off with the following items: a +2 short sword,
                  | a +0 buckler, a scroll of blinking, a +0 leather armour;
                  | and the following spell memorised: Necrotise; and the
                  | following spells available to memorise: Vampiric Draining.
     0 | D:1      | Reached XP level 1. HP: 16/16 MP: 3/3
   248 | D:1      | Reached skill level 1 in Armour
   248 | D:1      | Gained mutation: You have large cloven feet. [demonic
                  | ancestry]
   248 | D:1      | Reached XP level 2. HP: 14/23 MP: 5/5
   839 | D:1      | Reached XP level 3. HP: 22/28 MP: 6/6
  1144 | D:2      | Reached skill level 1 in Axes
  1533 | D:2      | Noticed Sigmund
  1548 | D:2      | Mangled by Sigmund

Illustrated notes

Levels and vault maps discovered:
D:1:      minmay_arrival_split_and_join, layout_basic
D:2:      layout_basic, hellmonk_ecumenical_altar_zigzags, serial_bayou_pond_d,
          hex_large, kennysheep_generic_room_4, uniq_terence, uniq_sigmund

Skill      XL: |  1  2  3 |
---------------+----------+-----
Armour         | 1 |  1.6
Axes           | 1 |  1.4
Fighting       | |  2.9
Short Blades   | |  1.7
Stealth        | |  1.0
Shields        | |  1.0
Spellcasting   | |  2.0
Necromancy     | |  2.1

Action                   || total
-------------------------++-------
Melee: Short sword       ||   106
       Kick              ||    19
       Dagger            ||    18
  Use: Potion            ||     2
 Stab: Sleeping          ||     4
       Invisible         ||     1
Armor: Leather armour    ||    38
Dodge: Dodged            ||    60
Block: Buckler           ||    14

Table legend: (Time is in decaauts)
 A = Elapsed time spent in this place.
 B = Non-inter-level travel time spent in this place.
 C = Inter-level travel time spent in this place.
 D = Time resting spent in this place.
 E = Time spent auto-exploring this place.
 F = Levels seen in this place.
 G = Mean time per level.
                   A        B        C        D        E       F      G
               +--------+--------+--------+--------+--------+-----+--------+
         Total |   1552 |   1537 |     15 |    710 |    519 |   2 |  776.0 |
       Dungeon |   1552 |   1537 |     15 |    710 |    519 |   2 |  776.0 |
               +--------+--------+--------+--------+--------+-----+--------+

Top non-repeatable levels by time:
     D:1: 1144 daAuts
     D:2: 408 daAuts
